 Dungeon Crawl Stone Soup version 0.25.1-2-g60ff931df9 (webtiles) character file.

Game seed: 10586269970056013903

164 raphialitos the Shield-Bearer (level 5, 0/42 HPs)
             Began as a Formicid Fighter on Oct 20, 2020.
             Slain by an orc
             ... wielding a +0 flail
              (5 damage)
             ... on level 3 of the Dungeon.
             The game lasted 00:05:40 (2069 turns).

raphialitos the Shield-Bearer (Formicid Fighter)    Turns: 2069, Time: 00:05:41

Health: 0/42       AC:  7    Str: 21    XL:     5   Next: 73%
Magic:  5/5        EV:  8    Int:  8    God:
Gold:   113        SH:  9    Dex: 10    Spells: 4/4 levels left

rFire    . . .     SeeInvis +   a - +0 quarterstaff
rCold    . . .     Gourm    .   c - +0 kite shield
rNeg     . . .     Faith    .   b - +0 scale mail
rPois    .         Spirit   .   (helmet unavailable)
rElec    .         Reflect  .   (no cloak)
rCorr    .         Harm     .   (no gloves)
MR       .....                  (no boots)
Stlth    ..........             (no amulet)
HPRegen  0.14/turn              (no ring)
MPRegen  0.09/turn              (no ring)

@: mighty
A: permanent stasis, dig shafts and tunnels, four strong arms, antennae 3
a: Dig, Shaft Self


You were on level 3 of the Dungeon.
You were not hungry.

You visited 1 branch of the dungeon, and saw 3 of its levels.

You collected 113 gold pieces.

Inventory:

Hand Weapons
 a - a +0 quarterstaff (weapon)
Missiles
 g - 22 poisoned darts (quivered)
 h - 37 arrows
Armour
 b - a +0 scale mail (worn)
 c - a +0 kite shield (worn)
Scrolls
 e - 2 scrolls of remove curse
 k - a scroll of immolation {unknown}
 m - a scroll of identify
Potions
 i - a potion of brilliance {unknown}
 j - 2 potions of ambrosia
Comestibles
 f - 5 rations
 l - 3 chunks of flesh


   Skills:
 + Level 3.9 Fighting
 + Level 3.3 Staves
 + Level 1.6 Throwing
 + Level 3.9 Armour
 + Level 0.8 Dodging
 + Level 4.5 Shields


You had 4 spell levels left.
You didn't know any spells.
Your spell library was empty.

Dungeon Overview and Level Annotations

Branches:
Dungeon (3/15)

Altars:
Ru


Innate Abilities, Weirdness & Mutations

You cannot be hasted, slowed, berserked, paralysed or teleported.
You can dig through walls and to a lower floor.
Your four strong arms can wield two-handed weapons with a shield.
You have a pair of large antennae on your head. (SInv)


Message History

You block the orc's attack.
The orc shouts!
You hit the orc.
The orc is almost dead.
The orc hits you with a +0 flail.
* * * LOW HITPOINT WARNING * * *
The orc hits you but does no damage. You block the orc's attack.
You barely miss the orc. The orc hits you but does no damage.
The orc hits you with a +0 flail.
* * * LOW HITPOINT WARNING * * *
You feel very mighty all of a sudden. The orc hits you but does no damage.
You closely miss the orc. The orc barely misses you.
The orc closely misses you.
Your shield and scale mail prevent you from hitting the orc.
The orc closely misses you. You block the orc's attack.
You sock the orc!
You kill the orc!
The orc closely misses you. The orc hits you with a +0 flail.
You die...

# . +#### ....#
....# #...###
##..'.# #######
#...#.# #....o###
....#.#####...†o@.#
....#..........)#.#
+####..####.....#.#
#### #.....#.#
#.##.##.# #.##.# .#
#..... .# ####.####


You could see 2 orcs.

Vanquished Creatures
  An orc priest (D:3)
  Natasha (twice) (D:3)
  2 adders (D:3)
  An ooze (D:1)
  3 worms (D:2)
  2 dart slugs
  An orc (D:3)
  2 giant cockroaches
  A goblin (D:1)
  4 hobgoblins
  11 jackals
  8 kobolds
  A ball python (D:3)
  5 bats
  3 frilled lizards
  5 rats
52 creatures vanquished.

Notes
Turn   | Place    | Note
-------+----------+-------------------------------------------
     0 | D:1      | raphialitos the Formicid Fighter began the quest for the
                  | Orb.
     0 | D:1      | Reached XP level 1. HP: 18/18 MP: 1/1
   141 | D:1      | Reached XP level 2. HP: 24/24 MP: 2/2
   458 | D:1      | Reached skill level 4 in Shields
   458 | D:1      | Reached XP level 3. HP: 27/29 MP: 3/3
  1240 | D:2      | Found a sacrificial altar of Ru.
  1457 | D:2      | Reached XP level 4. HP: 37/37 MP: 4/4
  1771 | D:3      | Reached skill level 1 in Throwing
  1775 | D:3      | Noticed Natasha
  1782 | D:3      | Killed Natasha
  1787 | D:3      | Reached XP level 5. HP: 22/42 MP: 5/5
  1984 | D:3      | Noticed Natasha
  1994 | D:3      | Killed Natasha
  2069 | D:3      | Slain by an orc

Illustrated notes

Levels and vault maps discovered:
D:1:      lemuel_arrival_cross, layout_basic
D:2:      layout_basic, nicolae_ru_path_of_blood, first_ration
D:3:      layout_loops_cross, nicolae_overflow_hidden_temple,
          grunt_gozag_breadcrumbs, kennysheep_generic_room_8, uniq_natasha

Skill      XL: |  1  2  3  4 |
---------------+-------------+-----
Shields        | 4 |  4.5
Throwing       | 1 |  1.6
Staves         | 3 |  3.3
Fighting       | |  3.9
Armour         | |  3.9
Dodging        | |  0.8

Action                   |  1- 3 |  4- 6 || total
-------------------------+-------+-------++-------
Melee: Quarterstaff      |    70 |    65 ||   135
Throw: Dart              |    22 |    11 ||    33
  Use: Scroll            |     4 |     2 ||     6
       Potion            |       |     1 ||     1
  Eat: Chunk             |     1 |     3 ||     4
Armor: Scale mail        |    35 |    37 ||    72
Dodge: Dodged            |    38 |    37 ||    75
Block: Kite shield       |    51 |    48 ||    99
